 Dungeon Crawl Stone Soup version 0.29.1-12-g30fa7ad0bf (webtiles) character file.

Game seed: 9125121052090680407

66 Peloso the Covered (level 3, -2/33 HPs)
             Began as a Minotaur Fighter on Dec 22, 2022.
             Blown up by Ijyb (22 damage)
             ... with a mindburst bolt
             ... on level 3 of the Dungeon.
             The game lasted 00:02:36 (2169 turns).

Peloso the Covered (Minotaur Fighter)               Turns: 2169, Time: 00:02:36

Health: -2/33      AC: 16    Str: 20    XL:     3   Next: 96%
Magic:  2/2        EV: 10    Int:  5    God:
Gold:   127        SH:  4    Dex:  8    Spells: 2/2 levels left

rFire   + . .      SeeInvis .   a - +0 long sword
rCold   . . .      Faith    .   d - +0 buckler
rNeg    + . .      Spirit   .   c - +10 ring mail of Intercession {Harm rF+ rN+ Dex-3}
rPois   .          Reflect  .   (helmet restricted)
rElec   .          Harm     +   (no cloak)
rCorr   .          Rampage  .   (no gloves)
Will    .....                   (no boots)
Stlth   ..........              (no amulet)
HPRegen 0.11/turn               (no ring)
MPRegen 0.08/turn               (no ring)

@: no status effects
A: horns 2, retaliatory headbutt
a: no special abilities


You were on level 3 of the Dungeon.
You visited 1 branch of the dungeon, and saw 3 of its levels.

You collected 127 gold pieces.

Inventory:

Hand Weapons
 a - a +0 long sword (weapon)
Armour
 b - a +0 scale mail
 c - the +10 ring mail of Intercession (worn) {Harm rF+ rN+ Dex-3}
   (You found it on level 2 of the Dungeon)

   Dex:       It affects your dexterity (-3).
   rF:        It protects you from fire.
   rN:        It protects you from negative energy.
   Harm:      It increases damage dealt and taken.
 d - a +0 buckler (worn)
Scrolls
 i - a scroll of enchant armour {unknown}
 k - a scroll of teleportation {unknown}
 m - a scroll of torment {unknown}
Potions
 e - a potion of ambrosia {unknown}
 g - a potion of curing
 h - 2 potions of might
 j - a potion of heal wounds {unknown}
 l - a potion of cancellation {unknown}


   Skills:
 + Level 4.0 Fighting
 + Level 3.3 Long Blades
 + Level 4.6 Armour
 + Level 0.2 Dodging
 + Level 0.1 Stealth
 + Level 4.0 Shields


You had 2 spell levels left.
You didn't know any spells.
Your spell library was empty.

Dungeon Overview and Level Annotations

Branches:
Dungeon (3/15)

Altars:

Annotations:
D:3 Ijyb


Innate Abilities, Weirdness & Mutations

You have a pair of horns on your head.
You reflexively headbutt those who attack you in melee.


Message History

The frilled lizard closely misses you. You furiously retaliate!
You headbutt the frilled lizard!
You kill the frilled lizard!
You see here a frilled lizard corpse.
An orc comes into view. It is wielding a +0 short sword.
The orc shouts!
The orc barely misses you.
You slash the orc!
You kill the orc!
Things that are here:
a +0 short sword; an orc corpse You open the door. 2 hobgoblins come into view.
The hobgoblin shouts!
You hear a shout!
Found a scroll of vulnerability.
There is an open door here.
You slash the hobgoblin!
You kill the hobgoblin!
You see here a hobgoblin corpse.
The hobgoblin hits you but does no damage.
You hit the hobgoblin.
The hobgoblin is moderately wounded.
Ijyb the Twisted Goblin comes into view.
She is wielding a +0 dagger and carrying a wand of mindburst (13).
The hobgoblin hits you but does no damage.
You barely miss the hobgoblin. You headbutt the hobgoblin.
The hobgoblin is heavily wounded.
The hobgoblin hits you but does no damage.
You block the hobgoblin's attack.
You hit the hobgoblin.
The hobgoblin is almost dead.
The hobgoblin hits you but does no damage.
You hit the hobgoblin.
You kill the hobgoblin!
Ijyb zaps a wand.
Your mind is blasted!
You closely miss Ijyb. Ijyb hits you but does no damage. x2
You closely miss Ijyb. Your headbutt misses Ijyb.
Ijyb hits you but does no damage.
You completely miss Ijyb.
Ijyb zaps a wand.
Your mind is blasted!
Ouch! That really hurt!
You die...

#########.# .....#.#
.........#.# ##.#.#<####
.........#.# #<..†......
.........#.#.##.#######.
..?......#.#............
........†#.####.########
.........'...).........
.........######.#######
###..g@....# #.#
#........# #.#
#........# #.#
..........# #.#
............# #.#
............# #.#
............# #.#
####........#


You could see Ijyb.

Vanquished Creatures
  An adder (D:2)
  An orc (D:3)
  5 ball pythons
  6 bats
  6 endoplasms
  3 giant cockroaches (D:2)
  4 goblins
  7 hobgoblins
  6 jackals
  2 kobolds (D:2)
  4 frilled lizards
  3 rats (D:1)
48 creatures vanquished.

Notes
Turn   | Place    | Note
-------+----------+-------------------------------------------
     0 | D:1      | Peloso the Minotaur Fighter began the quest for the Orb.
     0 | D:1      | Reached XP level 1. HP: 19/19 MP: 0/0
   384 | D:1      | Reached XP level 2. HP: 26/27 MP: 1/1
   770 | D:1      | Found a faded altar of an unknown god.
  1097 | D:2      | Reached XP level 3. HP: 7/33 MP: 2/2
  1512 | D:2      | Identified the +10 ring mail of Intercession {Harm rF+ rN+
                  | Dex-3}
  2161 | D:3      | Noticed Ijyb
  2169 | D:3      | Blown up by Ijyb

Illustrated notes

Levels and vault maps discovered:
D:1:      dpeg_arrival_refuge, layout_basic,
          hellmonk_ecumenical_altar_crossroads, nicolae_titane
D:2:      kennysheep_six_static_rooms, layout_rooms
D:3:      layout_basic, gup_sewer_entry_glass, uniq_ijyb, uniq_natasha

Skill      XL: |  1  2  3 |
---------------+----------+-----
Armour         | 4 |  4.6
Fighting       | 4 |  4.0
Long Blades    | 3 |  3.3
Shields        | 4 |  4.0
Dodging        | |  0.2
Stealth        | |  0.1

Action                   || total
-------------------------++-------
Melee: Long sword        ||   104
       Headbutt          ||    12
  Use: Potion            ||     2
       Scroll            ||     2
Armor: Scale mail        ||    48
       Ring mail         ||    25
Dodge: Dodged            ||    59
Block: Buckler           ||    20
